 Dungeon Crawl Stone Soup version 0.32-a0-799-g95e1662365 (webtiles) character file.

Game seed: 11750193944958152887

1547 ezpacito the Trooper (level 8, -1/62 HPs)
             Began as a Coglin Chaos Knight on Mar 22, 2024.
             Was a Plaything of Xom.
             Splashed by a jelly's acid (9 damage)
             ... on level 5 of the Dungeon.
             The game lasted 00:05:05 (4289 turns).

ezpacito the Trooper (Coglin Chaos Knight)          Turns: 4289, Time: 00:05:06

Health: -1/62      AC: -10   Str: 18    XL:     8   Next: 87%
Magic:  11/11      EV: 12    Int: 10    God:    Xom [....*.]
Gold:   171        SH:  0    Dex: 14    Spells: 11/11 levels left

rFire   . . .        a - +0 hand axe (chaos) {Chiraphon}
rCold   . . .        n - +0 trident {Wanphen}
rNeg    . . .        b - +2 leather armour
rPois   .            (no helmet)
rElec   .            (no cloak)
rCorr   .            (no gloves)
SInv    .            (no boots)
Will    +....        (amulet unavailable)
Stlth   ++           (ring unavailable)
HPRegen 0.30/turn    (ring unavailable)
MPRegen 0.12/turn    (no gizmo)

%: no passive effects
@: corroded, enlightened, flying, revving
A: off-hand wielding, slow wielding, warmup strikes, no jewellery, strong 1, no
potion heal 1
a: Invent Gizmo, Renounce Religion


You were on level 5 of the Dungeon.
You worshipped Xom.
You were a beloved toy of Xom.
You visited 1 branch of the dungeon, and saw 5 of its levels.

You collected 279 gold pieces.
You spent 108 gold pieces at shops.

Inventory:

Hand Weapons
 a - a +0 hand axe of chaos (weapon) {Chiraphon}
 n - a +0 trident (offhand) {Wanphen}
Missiles
 e - 8 poisoned darts (quivered)
 t - 9 boomerangs
 w - 7 javelins
 x - 5 curare-tipped darts
Armour
 b - a +2 leather armour (worn)
 y - a +0 plate armour
Talismans
 k - a maw talisman
Wands
 l - a wand of flame (11)
Scrolls
 c - 3 scrolls of enchant armour {unknown}
 f - 2 scrolls of revelation {unknown}
 g - a scroll of fear
 i - a scroll of identify
 j - 2 scrolls of poison {unknown}
 m - a scroll of noise {unknown}
 o - a scroll of brand weapon {unknown}
 p - 3 scrolls of fog
 q - 3 scrolls of silence {unknown}
 s - 4 scrolls of teleportation {unknown}
 z - a scroll of enchant weapon {unknown}
Potions
 d - a potion of might
 h - a potion of degeneration {unknown}
 r - a potion of enlightenment
 u - a potion of magic
 v - a potion of attraction


   Skills:
 * Level 5.3 Fighting
 * Level 5.2(5.6) Axes
 + Level 2.8(4.2) Polearms
 * Level 4.3 Armour
 * Level 4.0 Dodging
 + Level 2.5 Stealth
 + Level 2.2 Spellcasting
 + Level 3.3 Evocations


You had 11 spell levels left.
You didn't know any spells.
Your spell library contained the following spells:

 Spells                   Type           Power      Damage    Failure   Level
 Slow                     Hex            4%         N/A       36%         1
 Sting                    Conj/Alch      4%         1d3       36%         1
 Lesser Beckoning         Tloc           2%         N/A       50%         2
 Mercury Vapours          Alch/Air       2%         N/A       50%         2
 Confusing Touch          Hex            1%         N/A       73%         3
 Gell's Gravitas          Tloc           1%         N/A       73%         3
 Summon Ice Beast         Ice/Summ       1%         N/A       73%         3
 Teleport Other           Tloc           1%         N/A       73%         3
 Vampiric Draining        Necr           1%         2d6       73%         3
 Olgreb's Toxic Radiance  Alch           1%         N/A       98%         4
 Summon Mana Viper        Hex/Summ       1%         N/A       100%        5
 Monstrous Menagerie      Summ           0%         N/A       100%        7


Dungeon Overview and Level Annotations

Branches:
Dungeon (5/15)             Temple (0/1) D:5

Altars:
Xom

Shops:
D:1 *   D:4 (


Innate Abilities, Weirdness & Mutations

You can wield a second weapon in your off-hand.
It takes a long time for you to wield or remove held weapons.
Your first few attacks do less damage.
You cannot equip rings or amulets.
Your muscles are strong. (Str +4, Int/Dex -1)
Potions are less effective at restoring your health.


Message History

You take 15 damage, and have 38/62 hp.
MASSIVE DAMAGE!!
You are too injured to fight recklessly!
You are too injured to fight recklessly!
You are too injured to fight recklessly!
You are too injured to fight recklessly!
You are too injured to fight recklessly!
You are too injured to fight recklessly!
You are too injured to fight recklessly!
You are too injured to fight recklessly!
You are too injured to fight recklessly!
You are too injured to fight recklessly!
You are too injured to fight recklessly!
You hit the jelly but do no damage.
Your graspers burn!
The jelly is heavily wounded.
You barely miss the jelly with your +0 hand axe of chaos.
The endoplasm hits the fungus.
Something hits the fungus. x2
The fungus begins to die.
Something hits the fungus.
The jelly hits you. The acid corrodes you!
You are splashed with acid!
You take 13 damage, and have 25/62 hp.
MASSIVE DAMAGE!!
You barely miss the jelly with your +0 trident.
The jelly is heavily wounded.
You hit the jelly but do no damage.
Your graspers burn!
The endoplasm hits the fungus.
Something hits the fungus. x3
The jelly hits you. The acid corrodes you!
You are splashed with acid!
* * * LOW HITPOINT WARNING * * *
You take 16 damage, and have 9/62 hp.
MASSIVE DAMAGE!!
As you read the scroll of fear, it crumbles to dust.
You assume a fearsome visage.
The jelly looks frightened! x2
The endoplasm looks frightened!
Something hits the fungus. x2
The jelly hits the fungus.
The fungus is splashed with acid.
It was a potion of enlightenment.
You feel very buoyant.
You fly up into the air.
As you read the scroll of fear, it crumbles to dust.
You assume a fearsome visage.
Nothing appears to happen.
The jelly attacks as it pursues you! The jelly hits you.
* * * LOW HITPOINT WARNING * * *
You are splashed with acid!
You die...
Xom titters!

...........###..)..##
...⌠..#.#####...(...#
......#.# #.......#
.>......#####.......#
......#....##.......#
...⌠..#.########....#
........# ##..'....#
......#.####.########
#.##.##...###..)@J.#
..##....### #######'#
.######## ..# .# P.#
.########## P.#
..........# ÷.#
########### P.# ..#


You could see a jelly.

Vanquished Creatures
  Grinder (D:3)
  A water moccasin (D:5)
  2 phantoms (D:5)
  Blork the orc (D:4)
  2 scorpions
  A jelly (D:4)
  An orc priest (D:5)
  An iguana (D:5)
  Ijyb (D:3)
  An orc wizard (D:5)
  5 adders
  8 gnolls
  2 ufetubi (D:5)
  3 dart slugs
  9 orcs
  8 endoplasms
  A giant cockroach (D:3)
  8 goblins
  10 hobgoblins
  13 kobolds
  3 quokkas (D:2)
  8 ball pythons
  10 bats
  6 frilled lizards
  4 rats
110 creatures vanquished.

Vanquished Creatures (collateral kills)
  Pikel (D:4)
  A hornet (D:4)
  A lemure (D:4)
3 creatures vanquished.

Grand Total: 113 creatures vanquished

Notes
Turn   | Place    | Note
-------+----------+-------------------------------------------
     0 | D:1      | ezpacito the Coglin Chaos Knight began the quest for the
                  | Orb.
     0 | D:1      | Reached XP level 1. HP: 18/18 MP: 1/1
    23 | D:1      | XOM: smoke on damage
    30 | D:1      | Reached skill level 1 in Dodging
    52 | D:1      | Reached XP level 2. HP: 24/24 MP: 2/2
   182 | D:1      | Found Enteillu's General Store.
   259 | D:1      | XOM: scenery: summon butterflies
   342 | D:1      | Reached XP level 3. HP: 29/29 MP: 3/3
   470 | D:1      | Bought a scroll of identify for 20 gold pieces
   734 | D:2      | Reached skill level 1 in Polearms
   734 | D:2      | Reached XP level 4. HP: 25/35 MP: 4/4
   890 | D:2      | XOM: noise
  1273 | D:2      | XOM: god gift: 3 scrolls labelled IQEITO SITS {god gift}
  1290 | D:2      | XOM: scenery: create altars
  1515 | D:3      | Found a faded altar of an unknown god.
  1522 | D:3      | Noticed Ijyb
  1527 | D:3      | XOM: cleaving
  1540 | D:3      | Killed Ijyb
  1541 | D:3      | Reached XP level 5. HP: 14/41 MP: 4/6
  1744 | D:3      | XOM: smoke on damage
  1747 | D:3      | XOM: god gift: dagger {god gift}
  1970 | D:3      | XOM: scenery: create altars
  2187 | D:3      | Noticed Grinder
  2193 | D:3      | Reached skill level 1 in Stealth
  2193 | D:3      | XOM: fake destruction
  2200 | D:3      | Killed Grinder
  2201 | D:3      | Reached skill level 1 in Spellcasting
  2201 | D:3      | Reached skill level 1 in Evocations
  2201 | D:3      | Reached XP level 6. HP: 21/48 MP: 7/7
  2631 | D:1      | Bought a scroll of fog for 40 gold pieces
  2631 | D:1      | Bought a potion of attraction for 30 gold pieces
  2631 | D:1      | Bought 3 poisoned darts for 18 gold pieces
  2672 | D:4      | Noticed Pikel
  2686 | D:4      | Killed Pikel
  2687 | D:4      | Reached XP level 7. HP: 55/55 MP: 7/9
  2757 | D:4      | Noticed a hornet
  2758 | D:4      | Killed a hornet
  2759 | D:4      | Reached XP level 8. HP: 61/61 MP: 10/10
  2958 | D:4      | XOM: confuse monster(s)
  2991 | D:4      | Found Eneurhim's Weapon Emporium.
  3072 | D:4      | XOM: god gift: ring of protection from cold
  3154 | D:4      | Noticed Blork the orc
  3164 | D:4      | Killed Blork the orc
  3165 | D:4      | Reached skill level 5 in Fighting
  3335 | D:4      | XOM: give mutation
  3335 | D:4      | Gained mutation: Your muscles are strong. (Str +4, Int/Dex
                  | -1) [Xom's grace]
  3525 | D:5      | Entered Level 5 of the Dungeon
  3552 | D:5      | Reached skill level 5 in Axes
  3650 | D:5      | XOM: 1-stop teleportation journey
  3910 | D:5      | XOM: silly message
  4079 | D:5      | Found a staircase to the Ecumenical Temple.
  4079 | D:5      | XOM: 1-stop teleportation journey
  4157 | D:5      | XOM: give mutation
  4157 | D:5      | Gained mutation: Potions are less effective at restoring
                  | your health. [Xom's mischief]
  4289 | D:5      | Splashed by a jelly's acid

Illustrated notes

Levels and vault maps discovered:
D:1:      minmay_arrival_solitary_statue, layout_basic, serial_shops, shop
D:2:      layout_basic
D:3:      layout_basic, ebering_ecumenical_altar_petrified, serial_bayou_pond_d,
          minmay_statues_item, chequers_serial_rivers_room_a,
          chequers_arboretum, uniq_grinder, uniq_ijyb
D:4:      layout_basic, serial_shops, nicolae_shop_bloodbath_and_beyond,
          uniq_blork_the_orc, uniq_pikel
D:5:      cheibrodos_fertilizer, layout_loops_ring,
          minmay_temple_entry_large_hall

Skill      XL: |  1  2  3  4  5  6  7  8 |
---------------+-------------------------+-----
Dodging        | 1 2 3 4 |  4.0
Armour         | 2 3 4 |  4.3
Polearms       | 1 2 |  2.8
Stealth        | 1 2 |  2.5
Fighting       | 4 5 |  5.3
Spellcasting   | 1 2 |  2.2
Evocations     | 1 2 3 |  3.3
Axes           | 4 5 |  5.2

Action                     |  1- 3 |  4- 6 |  7- 9 || total
---------------------------+-------+-------+-------++-------
  Melee: Hand axe          |    68 |    60 |    74 ||   202
         Dagger            |    61 |     7 |       ||    68
         Spear             |       |    45 |       ||    45
         Trident           |       |    15 |    93 ||   108
  Throw: Dart              |       |     5 |       ||     5
  Evoke: Wand              |       |     4 |       ||     4
    Use: Scroll            |     5 |       |     5 ||    10
         Potion            |     1 |     3 |     4 ||     8
   Stab: Sleeping          |       |     3 |     5 ||     8
         Confused          |       |     1 |     1 ||     2
 Armour: Leather armour    |    64 |    50 |    57 ||   171
         Skin              |       |       |     3 ||     3
  Dodge: Dodged            |    58 |    32 |    39 ||   129

Table legend: (Time is in decaauts)
 A = Elapsed time spent in this place.
 B = Non-inter-level travel time spent in this place.
 C = Inter-level travel time spent in this place.
 D = Time resting spent in this place.
 E = Time spent auto-exploring this place.
 F = Levels seen in this place.
 G = Mean time per level.
                   A        B        C        D        E       F      G
               +--------+--------+--------+--------+--------+-----+--------+
         Total |   4275 |   3984 |    291 |    226 |   3057 |   5 |  855.0 |
       Dungeon |   4275 |   3984 |    291 |    226 |   3057 |   5 |  855.0 |
               +--------+--------+--------+--------+--------+-----+--------+

Top non-repeatable levels by time:
     D:3: 1124 daAuts
     D:2: 1045 daAuts
     D:4: 866 daAuts
     D:5: 750 daAuts
     D:1: 488 daAuts
